 Dungeon Crawl Stone Soup version 0.32-a0-814-g0968bab981 (webtiles) character file.

Game seed: 5158539079808356867

51 Elsrick the Cudgeller (level 3, -2/25 HPs)
             Began as a Human Wanderer on Mar 23, 2024.
             Was a Believer of Zin.
             Slain by a hobgoblin (4 damage)
             ... on level 3 of the Dungeon.
             The game lasted 00:03:41 (1067 turns).

Elsrick the Cudgeller (Human Wanderer)              Turns: 1067, Time: 00:03:41

Health: -2/25      AC:  4    Str: 13    XL:     3   Next: 81%
Magic:  6/6        EV: 11    Int: 11    God:    Zin [**....]
Gold:   119        SH:  0    Dex: 14    Spells: 5/6 levels left

rFire   . . .        a - +2 mace
rCold   . . .        (no shield)
rNeg    . . .        d - +0 leather armour
rPois   .            (no helmet)
rElec   .            h - scarf {shadows}
rCorr   .            (no gloves)
SInv    .            b - +0 pair of boots
Will    .....        (no amulet)
Stlth   ++           (no ring)
HPRegen 0.24/turn    (no ring)
MPRegen 0.10/turn

%: no passive effects
@: no status effects
A: explore regen
a: Renounce Religion, Recite, Vitalisation, Donate Gold


You were on level 3 of the Dungeon.
You worshipped Zin.
Zin was pleased with you.
You visited 1 branch of the dungeon, and saw 3 of its levels.

You collected 132 gold pieces.
You donated 13 gold pieces to Zin.

Inventory:

Hand Weapons
 a - a +2 mace (weapon)
Armour
 b - a +0 pair of boots (worn)
 d - a +0 leather armour (worn)
 h - a scarf of shadows (worn)
Scrolls
 c - a scroll of teleportation
 e - 3 scrolls of identify {unknown}
 f - 2 scrolls of enchant weapon {unknown}
Potions
 g - 2 potions of heal wounds


   Skills:
 + Level 0.3 Fighting
 + Level 2.7 Maces & Flails
 + Level 1.3 Armour
 + Level 2.2 Dodging
 + Level 1.5 Stealth
 + Level 2.2 Spellcasting
 + Level 2.2 Summonings
 + Level 1.0 Evocations


You had 5 spell levels left.
You knew the following spells:

 Your Spells              Type           Power      Damage    Failure   Level
a - Summon Small Mammal   Summ           24%        N/A       14%         1

Your spell library contained the following spells:

 Spells                   Type           Power      Damage    Failure   Level
 Call Canine Familiar     Summ           6%         N/A       41%         3


Dungeon Overview and Level Annotations

Branches:
Dungeon (3/15)

Altars:
Zin


Innate Abilities, Weirdness & Mutations

You regain HP and MP as you explore.


Message History

The adder bites you but does no damage. x2
You hit the adder.
You kill the adder!
Your Armour skill increases to level 1!
A hound comes into view.
The hound barks!
You hear a bark!
You hear a shout!
You hear a bark!
You hit the hound.
The hound is lightly wounded.
The hound bites you but does no damage. x2
You hit the hound.
The hound is moderately wounded.
The hound bites you.
You hit the hound.
The hound is heavily wounded.
The hound completely misses you. The hound bites you.
You closely miss the hound.
The hound is heavily wounded.
The hound barely misses you.
A hobgoblin comes into view.
The hound bites you.
You closely miss the hound.
The hound is heavily wounded.
The hound bites you. x2
You hit the hound but do no damage.
The hound is heavily wounded.
The hound closely misses you. The hound bites you.
You hit the hound but do no damage.
The hound is heavily wounded.
The hound closely misses you. The hound barely misses you.
You barely miss the hound.
The hound is heavily wounded.
The hound bites you but does no damage. The hound bites you.
* * * LOW HITPOINT WARNING * * *
The hobgoblin hits you but does no damage.
You closely miss the hound.
The hound is heavily wounded.
The hound bites you.
* * * LOW HITPOINT WARNING * * *
The hobgoblin hits you.
You die...

≈≈≈~~~~≈~~~.~≈≈≈
#.~...(~......~~
#.#~..~~...~.~.#
#...~.~..~....##
#........#.....
...
##........#####+
....##.........#
...............#
.......@#..##.##
......#hg..#..#
#.......##.# ##
...##........
... ......####
.. .......
........


You could see a hound and a hobgoblin.

Vanquished Creatures
  2 adders
  A dart slug (D:1)
  4 endoplasms
  A goblin (D:1)
  2 hobgoblins (D:1)
  2 quokkas
  6 ball pythons
  5 bats
  4 frilled lizards
  2 kobolds
  5 rats
34 creatures vanquished.

Notes
Turn   | Place    | Note
-------+----------+-------------------------------------------
     0 | D:1      | Elsrick the Human Wanderer began the quest for the Orb.
     0 | D:1      | Elsrick set off with the following items: a +2 mace, a +0
                  | pair of boots, a scroll of teleportation, a +0 leather
                  | armour; and the following spell memorised: Summon Small
                  | Mammal; and the following spells available to memorise:
                  | Call Canine Familiar.
     0 | D:1      | Reached XP level 1. HP: 13/13 MP: 3/3
   121 | D:1      | Found a faded altar of an unknown god.
   136 | D:1      | Prayed at the altar of an unknown god.
   136 | D:1      | Became a worshipper of Zin the Law-Giver
   136 | D:1      | Reached * piety under Zin
   146 | D:1      | Reached XP level 2. HP: 19/19 MP: 5/5
   787 | D:2      | Reached XP level 3. HP: 21/24 MP: 6/6
   866 | D:2      | Reached ** piety under Zin
  1003 | D:2      | Zin protects you from harm!
  1056 | D:3      | Reached skill level 1 in Armour
  1067 | D:3      | Slain by a hobgoblin

Illustrated notes

Levels and vault maps discovered:
D:1:      minmay_arrival_semitransparent, layout_basic,
          shapermc_ecumenical_altar_venn, minivault_11
D:2:      layout_basic, uniq_robin
D:3:      layout_rooms, serial_rivers, chequers_serial_rivers_micro_a,
          chequers_serial_rivers_small_b, chequers_serial_rivers_small_3,
          chequers_serial_rivers_room_a, chequers_serial_rivers_room_b,
          chequers_serial_rivers_micro_b, gammafunk_ghost_grave,
          kennysheep_generic_room_4, uniq_natasha, uniq_ijyb

Skill      XL: |  1  2  3 |
---------------+----------+-----
Armour         | 1 |  1.3
Fighting       | |  0.3
Maces & Flails | |  2.7
Dodging        | |  2.2
Stealth        | |  1.5
Spellcasting   | |  2.2
Summonings     | |  2.2
Evocations     | |  1.0

Action                     || total
---------------------------++-------
  Melee: Mace              ||   101
   Cast: Summon Small Mamm ||     2
    Use: Potion            ||     1
   Stab: Sleeping          ||     8
 Armour: Leather armour    ||    95
  Dodge: Dodged            ||    59

Table legend: (Time is in decaauts)
 A = Elapsed time spent in this place.
 B = Non-inter-level travel time spent in this place.
 C = Inter-level travel time spent in this place.
 D = Time resting spent in this place.
 E = Time spent auto-exploring this place.
 F = Levels seen in this place.
 G = Mean time per level.
                   A        B        C        D        E       F      G
               +--------+--------+--------+--------+--------+-----+--------+
         Total |   1095 |   1056 |     39 |     13 |    634 |   3 |  365.0 |
       Dungeon |   1095 |   1056 |     39 |     13 |    634 |   3 |  365.0 |
               +--------+--------+--------+--------+--------+-----+--------+

Top non-repeatable levels by time:
     D:1: 797 daAuts
     D:2: 255 daAuts
     D:3: 42 daAuts
